 Dungeon Crawl Stone Soup version 0.17.1-3-g152610e (webtiles) character file.

84581 Gargoyl the Blocker (level 15, -5/117 HPs)
             Began as a Demonspawn Abyssal Knight on Feb 23, 2016.
             Was the Champion of Lugonu.
             Slain by an orc warrior
             ... wielding a +0 battleaxe
             ... led by an orc warlord
              (17 damage)
             ... while paralysed by an orc sorcerer
             ... on level 4 of the Orcish Mines on Feb 24, 2016.
             The game lasted 01:26:20 (27506 turns).

Gargoyl the Blocker (Demonspawn Abyssal Knight)    Turns: 27506, Time: 01:26:20

Health: -5/117     AC: 27    Str: 20      XL:     15   Next: 35%
Magic:  19/19      EV:  2    Int: 12 (13) God:    Lugonu [******]
Gold:   2335       SH:  0    Dex: 17      Spells: 0 memorised, 16 levels left

rFire  + . .     SeeInvis +     B - +1 war axe (chop)
rCold  + . .     Clarity  .     p - +0 plate armour {rF+}
rNeg   . . .     SustAt   .     n - +0 large shield
rPois  .         Gourm    .     Z - +1 hat
rElec  .         Spirit   .     I - +2 cloak
rCorr  +         Warding  .     U - +2 pair of gloves
rMut   .         Stasis   .     F - +0 pair of boots
MR     +....                    b - amulet of faith
Stlth  ..........               o - +3 ring of dexterity
                                N - ring of Iheryzxem {+Fly rC+ Str+2 SInv}

@: paralysed, lethally poisoned (-5 -> -23), weakened, heavily drained, somewhat
resistant to hostile enchantments, extremely unstealthy
A: horns 2, yellow scales 3, demonic guardian 1, spiny 2, augmentation 1
a: Depart the Abyss, Bend Space, Banish, Corrupt, Enter the Abyss, Brand Weapon
With Distortion, Renounce Religion, Evoke Flight


You were on level 4 of the Orcish Mines.
You worshipped Lugonu.
Lugonu was exalted by your worship.
You were not hungry.

You visited 3 branches of the dungeon, and saw 22 of its levels.
You visited the Abyss 1 time.
You also visited: Volcano.

You collected 2335 gold pieces.

Inventory:

Hand Weapons
 e - a +0 flail
 y - a +1 war axe of freezing
 z - a +0 war axe
 B - a +1 war axe of chopping (weapon)
Missiles
 J - 22 tomahawks (quivered)
Armour
 n - a +0 large shield (worn)
 p - a +0 plate armour of fire resistance (worn)
 F - a +0 pair of boots (worn)
 I - a +2 cloak (worn)
 U - a +2 pair of gloves (worn)
 Z - a +1 hat (worn)
Jewellery
 b - an amulet of faith (around neck)
 d - an uncursed ring of fire
 i - an uncursed ring of flight
 k - an uncursed ring of sustain attributes
 m - an uncursed ring of fire
 o - a +3 ring of dexterity (right hand)
 r - a cursed ring of teleportation
 x - an uncursed amulet of resist mutation
 N - the ring of Iheryzxem (left hand) {+Fly rC+ Str+2 SInv}
   (You found it on level 8 of the Lair of Beasts)

   [ring of flight]

   It affects your strength (+2).
   It protects you from cold.
   It lets you see invisible.
   It lets you fly.
Wands
 g - a wand of slowing (14)
 j - a wand of fireball (11)
 M - a wand of teleportation (2)
 O - a wand of lightning (2)
 S - a wand of disintegration (14)
 W - a wand of lightning (10)
Scrolls
 f - 10 scrolls of remove curse
 h - 3 scrolls of fog
 s - 6 scrolls of blinking
 t - 4 scrolls of identify
 v - 6 scrolls of teleportation
 A - a scroll of amnesia
 H - 2 scrolls of recharging
 Y - 3 scrolls of fear
Potions
 l - 2 potions of cancellation
 q - 2 potions of lignification {unknown}
 u - 3 potions of flight
 L - a potion of brilliance
 P - 3 potions of haste
Books
 G - a book of Necromancy

   Spells                             Type                      Level
   a - Pain                           Necromancy                   1
   b - Animate Skeleton               Necromancy                   1
   c - Vampiric Draining              Necromancy                   3
   d - Regeneration                   Charms/Necromancy            3
   e - Animate Dead                   Necromancy                   4
   f - Control Undead                 Necromancy                   4
Comestibles
 a - 5 royal jellies
 c - 7 bread rations
 w - 2 beef jerkies
 D - 6 meat rations


   Skills:
 + Level 10.5(8.4) Fighting
 + Level 10.7(8.8) Axes
 + Level 1.8(5.2) Maces & Flails
 + Level 2.4(0.7) Throwing
 + Level 11.0(9.0) Armour
 + Level 7.9(6.0) Dodging
 + Level 5.5(3.7) Stealth
 + Level 13.0(10.9) Shields
 + Level 1.4(0.0) Unarmed Combat
 + Level 1.4(0.0) Spellcasting
 + Level 6.3(4.5) Invocations
 + Level 2.0(0.4) Evocations


You had 16 spell levels left.
You didn't know any spells.

Dungeon Overview and Level Annotations

Branches:
Dungeon (10/15)            Temple (0/1) D:4            Lair (8/8) D:9
 Shoals (0/4) Lair:4       Spider (0/4) Lair:4        Slime (0/6) Lair:6
    Orc (4/4) D:10            Elf (0/3) Orc:3

Altars:
Cheibriados
Fedhas
Gozag
Kikubaaqudgha
Makhleb
Okawaru
Sif Muna
Vehumet
Beogh
Jiyva

Shops:
D:4 :   D:6 *=

Annotations:
Abyss:1 Fannar


Innate Abilities, Weirdness & Mutations

You have a pair of horns on your head.
You are completely covered in yellow scales (AC +4, rCorr).
A weak demonic guardian rushes to your aid.
You are mostly covered in sharp spines.
Your magical and physical power is slightly enhanced at high health.


Message History

The orc sorcerer is struck by your spines.
The orc sorcerer hits you but does no damage.
The orc knight roars a battlecry!
You feel sick.
The orc warrior hits you with a battleaxe!!
* * * LOW HITPOINT WARNING * * *
The orc sorcerer barely misses you.
The orc warrior hits you with a scimitar!
* * * LOW HITPOINT WARNING * * *
* * * LOW HITPOINT WARNING * * *
You feel sick.
The orc warrior shouts!
The orc knight hits you with a battleaxe of draining.
* * * LOW HITPOINT WARNING * * *
You feel drained.
* * * LOW HITPOINT WARNING * * *
Your crimson imp blinks!
The orc sorcerer barely misses you.
The orc warrior hits you with a battleaxe!
You die...

...............####..
..............##
........#.##...#
.........##....## .
................# o ..
...............## ...
....
..)))..........#####....
....####
#.#............)o8o.....
.......8
##.............)@oo4o...
.....o..
#...........)..ooo.....
......o.
.............ยง..........
......[)
...........).....8......
.......8
##.............#####....
....#### #........5.....#
.... ... #
..........$.....# #.. ..
# ........5......## .. .
# #.#............#


You could see an orc warlord, an orc knight (frenzied), an orange demon, an orc
sorcerer (frenzied), 3 orc warriors, an orc priest (frenzied), 2 orc wizards and
a friendly crimson imp.

Vanquished Creatures
  Maud (Lair:3)
  The ghost of riffraff the Brawler, a journeyman TrMo of the Shining One (Lair:1)
  A fire dragon (Lair:1)
  Harold (Lair:1)
  3 hydras
  2 catoblepae (Lair:8)
  The ghost of riffraff the Grappler, a novice TrMo of the Shining One (Lair:1)
  Erica (D:10)
  7 death yaks (Lair:8)
  Sonja (D:10)
  2 hill giants
  3 griffons
  2 orc sorcerers (Orc:4)
  3 toenail golems (Volcano)
  2 manticores (Lair:8)
  4 black mambas
  Joseph (D:7)
  13 spiny frogs
  3 elephants (Lair:8)
  Psyche (D:9)
  2 torpor snails
  8 komodo dragons
  3 fire drakes
  A troll (D:10)
  8 polar bears
  A boulder beetle (Lair:8)
  A raiju (Lair:8)
  6 blink frogs
  4 wyverns
  2 hungry ghosts (D:10)
  7 humans
  23 wolves
  5 basilisks
  39 yaks
  Grum (D:9)
  A deep elf mage (D:10)
  9 hippogriffs
  8 wargs
  3 hell hounds (Lair:8)
  14 porcupines
  20 water moccasins
  Duvessa (D:4)
  4 ice beasts
  2 phantoms
  11 black bears (Lair:8)
  2 sky beasts
  21 orc warriors
  10 spiders (Lair:4)
  6 ogres
  2 centaurs
  16 crocodiles
  Blork the orc (Orc:4)
  14 giant frogs
  Dowan (D:4)
  3 scorpions
  6 killer bees (D:10)
  4 wights (D:9)
  4 crimson imps
  A giant frog skeleton (D:9)
  3 centaur skeletons
  19 hounds
  Crazy Yiuf (D:7)
  18 orc priests
  A quasit (D:3)
  2 jellies
  11 iguanas
  20 orc wizards
  6 worker ants
  30 sheep
  A hound zombie (D:7)
  5 hound skeletons
  65 river rats
  12 adders
  A shadow imp (D:8)
  3 gnolls (D:6)
  An adder skeleton (D:8)
  An adder zombie (D:6)
  4 worms
  5 giant geckos
  134 orcs
  10 bats
  10 giant cockroaches
  7 hobgoblins
  7 kobolds
  5 quokkas
  2 ball pythons
  2 giant newts
  5 goblins
  27 jackals
  A quokka zombie (D:10)
  6 rats
  3 plants
756 creatures vanquished.

Vanquished Creatures (collateral kills)
  Snorg (Lair:8)
  A death yak (Lair:8)
  Pikel (D:5)
  A spiny frog (Lair:1)
  A troll (D:9)
  A polar bear (Lair:8)
  6 yaks
  A basilisk (Lair:5)
  A hippogriff (D:8)
  A warg (Lair:8)
  A black bear (Lair:8)
  An ice beast (D:7)
  A centaur (D:5)
  A crocodile (Lair:1)
  An ogre (D:7)
  A scorpion (D:4)
  A sheep (D:8)
  3 river rats
  A shadow imp (D:7)
  A worm (D:3)
  3 orcs (D:8)
30 creatures vanquished.

Vanquished Creatures (others)
  2 hydras
  The ghost of Gargoyl the Covered, a novice DsAK of Lugonu (D:8)
  A fire crab (Lair:8)
  A hell hound (Lair:8)
  A worker ant (D:5)
  A hound skeleton (D:5)
  18 fungi
  18 plants
43 creatures vanquished.

Grand Total: 829 creatures vanquished

Notes
Turn   | Place    | Note
--------------------------------------------------------------
     0 | Abyss:1  | Gargoyl the Demonspawn Abyssal Knight began the quest for the Orb.
     0 | Abyss:1  | Reached XP level 1. HP: 18/18 MP: 2/2
    85 | Abyss:1  | Noticed a fire bat
    85 | Abyss:1  | Noticed a blizzard demon
    86 | D:1      | Escaped the Abyss
   138 | D:1      | Reached * piety under Lugonu
   298 | D:1      | Reached skill level 1 in Dodging
   304 | D:1      | Gained mutation: A weak demonic guardian rushes to your aid. [demonic ancestry]
   304 | D:1      | Reached XP level 2. HP: 21/24 MP: 4/4
   644 | D:1      | Reached XP level 3. HP: 24/29 MP: 5/5
  1250 | D:2      | Reached ** piety under Lugonu
  1479 | D:2      | Found a blossoming altar of Fedhas.
  1607 | D:2      | Gained mutation: You are partially covered in sharp spines. [demonic ancestry]
  1607 | D:2      | Reached XP level 4. HP: 31/36 MP: 6/6
  1636 | D:2      | Reached skill level 1 in Shields
  1673 | D:2      | Found a deep blue altar of Sif Muna.
  2688 | D:4      | Gained mutation: You have a pair of small horns on your head. [demonic ancestry]
  2688 | D:4      | Reached XP level 5. HP: 42/42 MP: 7/7
  2909 | D:4      | Found a snail-covered altar of Cheibriados.
  2909 | D:4      | Found an opulent altar of Gozag.
  2986 | D:4      | Noticed Dowan
  2988 | D:4      | Noticed Duvessa
  2996 | D:4      | Killed Duvessa
  2996 | D:4      | Reached skill level 4 in Fighting
  2996 | D:4      | Gained mutation: You are partially covered in yellow scales (AC +2). [demonic ancestry]
  2996 | D:4      | Reached XP level 6. HP: 18/48 MP: 8/8
  2999 | D:4      | Found Mebo's Book Boutique.
  3013 | D:4      | Reached *** piety under Lugonu
  3017 | D:4      | Killed Dowan
  3377 | D:4      | Found a staircase to the Ecumenical Temple.
  4075 | D:5      | Entered Level 5 of the Dungeon
  4100 | D:5      | Noticed Pikel
  4134 | D:5      | Killed Pikel
  4134 | D:5      | Gained mutation: You are mostly covered in sharp spines. [demonic ancestry]
  4134 | D:5      | Reached XP level 7. HP: 35/55 MP: 9/9
  4261 | D:5      | Reached XP level 8. HP: 42/61 MP: 10/10
  4673 | D:5      | Found an iron altar of Okawaru.
  4676 | D:5      | Found a blossoming altar of Fedhas.
  4678 | D:5      | Found a radiant altar of Vehumet.
  4885 | D:6      | Found Efa Imm's Assorted Antiques.
  4913 | D:6      | Reached skill level 5 in Armour
  5201 | D:6      | Found Cywihiud's Jewellery Boutique.
  5287 | D:6      | Reached **** piety under Lugonu
  5852 | D:7      | Found an opulent altar of Gozag.
  6073 | D:7      | Reached skill level 5 in Fighting
  6134 | D:7      | Noticed Crazy Yiuf
  6142 | D:7      | Killed Crazy Yiuf
  6236 | D:7      | Reached skill level 1 in Stealth
  6283 | D:7      | Noticed Joseph
  6314 | D:7      | Killed Joseph
  6314 | D:7      | Reached skill level 6 in Armour
  6314 | D:7      | Reached skill level 5 in Shields
  6314 | D:7      | Reached XP level 9. HP: 41/68 MP: 11/11
  6457 | D:7      | Reached ***** piety under Lugonu
  7018 | D:8      | Noticed Gargoyl's ghost (novice DsAK)
  7047 | D:8      | Banished Gargoyl's ghost
  7047 | D:8      | Reached skill level 5 in Axes
  7271 | D:8      | Reached skill level 1 in Evocations
  7945 | D:8      | Noticed a seven-headed hydra
  7953 | D:8      | Killed a seven-headed hydra
  7953 | D:8      | Reached skill level 7 in Shields
  8202 | D:8      | Gained mutation: You are mostly covered in yellow scales (AC +3). [demonic ancestry]
  8202 | D:8      | Reached XP level 10. HP: 74/76 MP: 12/12
  8629 | D:9      | Found a staircase to the Lair.
  8890 | D:9      | Noticed Psyche
  8899 | D:9      | Killed Psyche
  8948 | D:9      | Noticed Grum
  8959 | D:9      | Killed Grum
  9026 | D:9      | Found an ancient bone altar of Kikubaaqudgha.
  9250 | D:9      | Noticed a hill giant
  9268 | D:9      | Gained mutation: You can spit weak poison. [potion of beneficial mutation]
  9285 | D:9      | Killed a hill giant
  9285 | D:9      | Reached skill level 8 in Shields
  9842 | Lair:1   | Entered Level 1 of the Lair of Beasts
  9848 | Lair:1   | Noticed Harold
 10240 | Lair:1   | Killed Harold
 10490 | Lair:1   | Noticed riffraff's ghost (novice TrMo)
 10499 | Lair:1   | Reached XP level 11. HP: 48/84 MP: 13/13
 10509 | Lair:1   | Noticed riffraff's ghost (journeyman TrMo)
 10510 | Lair:1   | Killed riffraff's ghost
 10873 | Lair:1   | Killed riffraff's ghost
 11666 | Lair:1   | Noticed a fire dragon
 11677 | Lair:1   | Gained mutation: You are clumsy. (Dex -2) [potion of mutation]
 11677 | Lair:1   | Gained mutation: Your system is resistant to poisons. [potion of mutation]
 11683 | Lair:1   | Killed a fire dragon
 11683 | Lair:1   | Reached skill level 5 in Dodging
 11683 | Lair:1   | Reached skill level 9 in Shields
 12159 | Lair:1   | Reached ****** piety under Lugonu
 12958 | Lair:2   | Found a dark tunnel.
 12967 | Volcano  | Entered a volcano
 13874 | Lair:2   | Gained mutation: You are completely covered in yellow scales (AC +4, rCorr). [demonic ancestry]
 13874 | Lair:2   | Reached XP level 12. HP: 93/93 MP: 14/14
 13936 | Lair:2   | Reached skill level 10 in Shields
 14627 | Lair:3   | Noticed Maud
 14647 | Lair:3   | Killed Maud
 15372 | Lair:3   | Noticed Fannar
 15383 | Lair:3   | Banished Fannar
 15530 | Lair:4   | Noticed a four-headed hydra
 15538 | Lair:4   | Killed a four-headed hydra
 15883 | Lair:4   | Found a hole to the Spider Nest.
 16152 | Lair:4   | Found a staircase to the Shoals.
 16390 | Lair:4   | Reached skill level 11 in Shields
 16966 | Lair:5   | Gained mutation: Your mind is acute. (Int +2) [potion of mutation]
 16966 | Lair:5   | Gained mutation: You have an increased reservoir of magic (+10% MP). [potion of mutation]
 16970 | Lair:5   | Lost mutation: Your mind is acute. (Int +2) [potion of cure mutation]
 16970 | Lair:5   | Lost mutation: You can spit weak poison. [potion of cure mutation]
 16970 | Lair:5   | Lost mutation: You are clumsy. (Dex -2) [potion of cure mutation]
 16970 | Lair:5   | Lost mutation: Your system is resistant to poisons. [potion of cure mutation]
 16970 | Lair:5   | Lost mutation: You have an increased reservoir of magic (+10% MP). [potion of cure mutation]
 17146 | Lair:5   | Gained mutation: You have a pair of horns on your head. [demonic ancestry]
 17146 | Lair:5   | Reached XP level 13. HP: 60/101 MP: 16/16
 18108 | Lair:6   | Found a viscous altar of Jiyva.
 18142 | Lair:6   | Found a staircase to the Slime Pits.
 18523 | Lair:6   | Reached skill level 10 in Armour
 19660 | Lair:7   | Reached skill level 1 in Maces & Flails
 19660 | Lair:7   | Reached skill level 1 in Throwing
 19660 | Lair:7   | Reached skill level 5 in Stealth
 19660 | Lair:7   | Reached skill level 1 in Unarmed Combat
 19660 | Lair:7   | Reached skill level 1 in Spellcasting
 19660 | Lair:7   | Reached skill level 5 in Invocations
 19660 | Lair:7   | Reached XP level 14. HP: 107/109 MP: 16/18
 19689 | Lair:7   | Found a burning altar of Makhleb.
 19868 | Lair:7   | Reached skill level 12 in Shields
 20357 | Lair:8   | Entered Level 8 of the Lair of Beasts
 20442 | Lair:8   | Noticed Snorg
 20981 | Lair:8   | Killed Snorg
 21077 | Lair:8   | Got a scintillating jade ring
 21663 | Lair:8   | Identified a scroll of acquirement
 21664 | Lair:8   | Got a smelly plate armour
 21675 | Lair:8   | Identified the +0 plate armour "Deqit" {-Tele rPois rN+++ Dex-2} (You acquired it on level 8 of the Lair of Beasts)
 21769 | Lair:8   | Reached skill level 10 in Fighting
 22937 | Lair:8   | Reached skill level 10 in Axes
 23439 | Lair:8   | Gained mutation: Your magical and physical power is slightly enhanced at high health. [demonic ancestry]
 23439 | Lair:8   | Reached XP level 15. HP: 100/115 MP: 19/19
 24367 | D:10     | Entered Level 10 of the Dungeon
 24600 | D:10     | Noticed Erica
 24607 | D:10     | Identified the ring of Iheryzxem {+Fly rC+ Str+2 SInv} (You found it on level 8 of the Lair of Beasts)
 24619 | D:10     | Killed Erica
 24777 | D:10     | Noticed Sonja
 24788 | D:10     | Killed Sonja
 25107 | D:10     | Found a staircase to the Orcish Mines.
 25114 | D:10     | Found a roughly hewn altar of Beogh.
 25373 | Orc:1    | Entered Level 1 of the Orcish Mines
 26318 | Orc:3    | Found a staircase to the Elven Halls.
 26498 | Orc:3    | Found a roughly hewn altar of Beogh.
 26535 | Orc:4    | Entered Level 4 of the Orcish Mines
 26639 | Orc:4    | Reached skill level 13 in Shields
 27185 | Orc:4    | Noticed Blork the orc
 27197 | Orc:4    | Paralysed by an orc sorcerer for 7 turns
 27492 | Orc:4    | Killed Blork the orc
 27501 | Orc:4    | Paralysed by an orc sorcerer for 6 turns
 27506 | Orc:4    | Slain by an orc warrior

Action                   |  1- 3 |  4- 6 |  7- 9 | 10-12 | 13-15 || total
-------------------------+-------+-------+-------+-------+-------++-------
Melee: Hand axe          |   165 |   116 |   198 |   853 |   427 ||  1759
       Flail             |       |       |     3 |     6 |     3 ||    12
       War axe           |       |       |       |       |   545 ||   545
Throw: Tomahawk          |       |       |     3 |     8 |    16 ||    27
Invok: Depart the Abyss  |     1 |       |       |       |       ||     1
       Banish            |       |       |     1 |     3 |     7 ||    11
 Abil: Spit Poison       |       |       |       |     2 |       ||     2
Evoke: Wand              |       |       |     7 |       |       ||     7
  Use: Scroll            |       |     9 |     5 |     8 |    10 ||    32
       Potion            |       |     7 |       |    17 |     6 ||    30
 Stab: Distracted        |       |       |     3 |    10 |     7 ||    20
       Petrified         |       |       |       |       |     4 ||     4
       Petrifying        |       |       |       |       |     1 ||     1
  Eat: Chunk             |     3 |     2 |     2 |     2 |       ||     9
       Fruit             |       |     5 |       |       |       ||     5
       Royal jelly       |       |     1 |     1 |     2 |     8 ||    12
       Bread ration      |       |       |     2 |     5 |     2 ||     9
       Beef jerky        |       |       |       |     3 |       ||     3
       Pizza             |       |       |       |       |    10 ||    10
